 Dungeon Crawl Stone Soup version 0.31.0-12-g77e489cdc1 (webtiles) character file.

Game seed: 10551894963383024226

721 Curundu the Chopper (level 7, -11/91 HPs)
             Began as a Minotaur Berserker on Mar 4, 2024.
             Was a Believer of Trog.
             Mangled by a two-headed ogre
             ... wielding a +0 great mace
              (19 damage)
             ... on level 5 of the Dungeon.
             The game lasted 00:09:09 (3259 turns).

Curundu the Chopper (Minotaur Berserker)            Turns: 3259, Time: 00:09:09

Health: -11/91     AC:  6    Str: 23    XL:     7   Next: 42%
Magic:  6/6        EV: 12    Int:  4    God:    Trog [**....]
Gold:   154        SH:  4    Dex: 10    Spells: 6/6 levels left

rFire   . . .        a - +0 hand axe
rCold   . . .        d - +0 buckler
rNeg    . . .        b - +0 animal skin
rPois   .            (helmet restricted)
rElec   .            p - +0 cloak
rCorr   .            e - +2 pair of gloves
SInv    .            (no boots)
Will    .....        (no amulet) Stlth
                     (no ring)
HPRegen 0.35/turn    (no ring)
MPRegen 0.10/turn

%: no passive effects
@: berserking, very quick
A: horns 2, retaliatory headbutt
a: Renounce Religion, Berserk, Trog's Hand


You were on level 5 of the Dungeon.
You worshipped Trog.
Trog was pleased with you.
You visited 1 branch of the dungeon, and saw 5 of its levels.

You collected 154 gold pieces.

Inventory:

Hand Weapons
 a - a +0 hand axe (weapon)
Missiles
 j - 5 javelins (quivered)
Armour
 b - a +0 animal skin (worn)
 d - a +0 buckler (worn)
 e - a +2 pair of gloves (worn)
 p - a +0 cloak (worn)
Wands
 r - a wand of flame (16)
Scrolls
 f - a scroll of fear {unknown}
 g - 2 scrolls of amnesia {unknown}
 k - a scroll of blinking {unknown}
 l - 2 scrolls of poison {unknown}
 m - a scroll of teleportation {unknown}
 o - 3 scrolls of enchant armour {unknown}
Potions
 c - 2 potions of mutation {unknown}
 h - 3 potions of invisibility {unknown}
 i - 5 potions of degeneration {unknown}
 n - a potion of lignification {unknown}
 q - a potion of heal wounds {unknown}
 s - a potion of brilliance {unknown}


   Skills:
 + Level 5.4 Fighting
 + Level 6.8 Axes
 * Level 4.5 Armour
 + Level 4.3 Dodging
 * Level 3.4 Shields


You had 6 spell levels left.
You didn't know any spells.
Your spell library was empty.

Dungeon Overview and Level Annotations

Branches:
Dungeon (5/15)
 Temple: D:4-7

Altars:
Elyvilon
Trog

Shops:
D:1 [   D:2 (![

Annotations:
D:1 1 transporter


Innate Abilities, Weirdness & Mutations

You have a pair of horns on your head.
You reflexively headbutt those who attack you in melee.


Message History

Found a shortbow.
There is an open door here.
A two-headed ogre comes into view.
It is wielding a +0 great mace and a +0 giant spiked club.
The two-headed ogre shouts in stereo!
You hit the two-headed ogre but do no damage.
The two-headed ogre hits you with a +0 great mace!
You block the two-headed ogre's attack.
You hit the two-headed ogre.
The two-headed ogre is lightly wounded.
You barely miss the two-headed ogre.
The two-headed ogre is lightly wounded.
The two-headed ogre closely misses you. You furiously retaliate!
You headbutt the two-headed ogre.
The two-headed ogre hits you with a +0 giant spiked club!
A red film seems to cover your vision as you go berserk!
You feel yourself moving faster!
You feel mighty!
The two-headed ogre hits you with a +0 great mace.
The two-headed ogre misses you.
You barely miss the two-headed ogre.
The two-headed ogre is lightly wounded.
You slash the two-headed ogre!
The two-headed ogre is lightly wounded.
You slash the two-headed ogre!
Your headbutt misses the two-headed ogre.
The two-headed ogre is moderately wounded.
The two-headed ogre closely misses you. The two-headed ogre barely misses you.
You barely miss the two-headed ogre. You headbutt the two-headed ogre.
The two-headed ogre is heavily wounded.
You slash the two-headed ogre!
The two-headed ogre is heavily wounded.
The two-headed ogre hits you with a +0 great mace!!
* * * LOW HITPOINT WARNING * * *
The two-headed ogre hits you with a +0 giant spiked club!
* * * LOW HITPOINT WARNING * * *
You barely miss the two-headed ogre. You headbutt the two-headed ogre!
The two-headed ogre is almost dead.
You hit the two-headed ogre.
The two-headed ogre is almost dead.
The two-headed ogre hits you with a +0 great mace!!
You die...

+....... #......# #...
#......#......##....
#####......#......##...#
..........)#...........#
...........#...........#
.......O...#..........#.
.....$.@...#..........#.
...........#..........#.
...........'...........#
...........#......######
.....#######......#....#
..... #.......#.[...
#### #.......#.....
#.......#.....
#.......#....#


You could see a two-headed ogre.

Vanquished Creatures
  Sigmund (D:4)
  Eustachio (D:4)
  A black bear (D:4)
  An ogre (D:4)
  A scorpion (D:4)
  2 hounds (D:5)
  Crazy Yiuf (D:4)
  2 adders
  2 ribbon worms (D:2)
  A dart slug (D:3)
  An orc (D:4)
  8 ball pythons
  8 bats
  3 endoplasms
  4 giant cockroaches
  6 goblins
  8 hobgoblins
  6 jackals
  7 kobolds
  6 quokkas
  5 frilled lizards
  3 rats
78 creatures vanquished.

Notes
Turn   | Place    | Note
-------+----------+-------------------------------------------
     0 | D:1      | Curundu the Minotaur Berserker began the quest for the Orb.
     0 | D:1      | Reached XP level 1. HP: 19/19 MP: 0/0
    83 | D:1      | Reached XP level 2. HP: 27/27 MP: 1/1
    85 | D:1      | Reached skill level 4 in Axes
   241 | D:1      | Reached ** piety under Trog
   697 | D:1      | Reached XP level 3. HP: 30/34 MP: 2/2
   732 | D:1      | Found Nukad's Armour Boutique.
   916 | D:2      | Found Fiug's Weapon Shoppe.
  1049 | D:2      | Found a bloodstained altar of Trog.
  1123 | D:2      | Found Xoppur's Distillery.
  1154 | D:2      | Found Pasoj's Jewellery Shop.
  1333 | D:2      | Reached skill level 1 in Shields
  1359 | D:2      | Reached XP level 4. HP: 30/41 MP: 3/3
  1422 | D:2      | Found Boiliher's Antique Armour Emporium.
  1707 | D:3      | Found a bloodstained altar of Trog.
  2445 | D:4      | Noticed Sigmund
  2445 | D:4      | Noticed a black bear
  2446 | D:4      | Noticed a scorpion
  2450 | D:4      | Killed Sigmund
  2450 | D:4      | Killed a scorpion
  2451 | D:4      | Reached skill level 5 in Fighting
  2451 | D:4      | Reached skill level 5 in Axes
  2451 | D:4      | Reached XP level 5. HP: 48/48 MP: 4/4
  2451 | D:4      | Reached XP level 6. HP: 56/56 MP: 5/5
  2517 | D:4      | Reached *** piety under Trog
  2522 | D:4      | Reached skill level 6 in Axes
  2528 | D:4      | Noticed Eustachio
  2543 | D:4      | Killed Eustachio
  2544 | D:4      | Reached XP level 7. HP: 61/61 MP: 6/6
  2690 | D:4      | Found a white marble altar of Elyvilon.
  2830 | D:4      | Found a runed translucent door.
  2831 | D:4      | Noticed Crazy Yiuf
  2840 | D:4      | Killed Crazy Yiuf
  2925 | D:5      | Entered Level 5 of the Dungeon
  3244 | D:5      | Noticed a two-headed ogre
  3259 | D:5      | Mangled by a two-headed ogre

Illustrated notes

Levels and vault maps discovered:
D:1:      spicycebolla_arrival_risky_transporter, layout_basic, serial_shops,
          nicolae_shop_hallway_plus, minivault_23
D:2:      layout_basic, basic_altar, serial_shops, shop,
          nicolae_shop_window_shopping, shop, nicolae_shop_behind_doors
D:3:      layout_loops_ring, lightli_temple_of_fire, dreamdust_princess_bridge,
          chequers_serial_rivers_small_b, corexii_corridor_pit,
          kennysheep_small_spiral
D:4:      layout_basic, kennysheep_mini, uniq_eustachio,
          uniq_crazy_yiuf_cottage, uniq_sigmund
D:5:      nicolae_cairo_tiling, layout_gridville,
          mainiacjoe_overflow_concentric_impassable, uniq_prince_ribbit1

Skill      XL: |  1  2  3  4  5  6 |
---------------+-------------------+-----
Fighting       | 4 5 |  5.4
Axes           | 4 5 6 |  6.8
Shields        | 1 2 3 |  3.4
Armour         | 3 4 |  4.5
Dodging        | 3 4 |  4.3

Action                     |  1- 3 |  4- 6 |  7- 9 || total
---------------------------+-------+-------+-------++-------
  Melee: Hand axe          |   113 |    56 |    31 ||   200
         Headbutt          |    13 |     8 |     6 ||    27
 Invoke: Berserk           |       |     2 |     2 ||     4
         Trog's Hand       |       |     2 |     1 ||     3
   Stab: Sleeping          |       |       |     1 ||     1
 Armour: Animal skin       |    65 |    33 |    19 ||   117
  Dodge: Dodged            |    90 |    27 |    10 ||   127
  Block: Buckler           |     9 |    10 |     2 ||    21
